 Dungeon Crawl Stone Soup version 0.19-a0-1899-g2d93087 (webtiles) character file.

1717 PurpleRed the Cleaver (level 8, 0/74 HPs)
             Began as a Minotaur Fighter on Oct 20, 2016.
             Was an Initiate of Makhleb.
             Slain by an orc priest
             ... wielding a +0 mace of protection
              (4 damage)
             ... on level 6 of the Dungeon.
             The game lasted 00:07:14 (3603 turns).

PurpleRed the Cleaver (Minotaur Fighter)            Turns: 3603, Time: 00:07:14

Health: 0/74       AC:  9    Str: 23    XL:     8   Next: 74%
Magic:  7/7        EV:  5    Int:  5    God:    Makhleb [......]
Gold:   174        SH:  9    Dex: 10    Spells: 0 memorised, 7 levels left

rFire  . . .     SeeInvis +     a - +1 war axe
rCold  . . .     Gourm    .     h - +1 plate armour
rNeg   . . .     Faith    .     c - +0 shield
rPois  .         Spirit   .     (helmet restricted)
rElec  .         Reflect  .     G - +2 cloak {MR+}
rCorr  .         Harm     .     (no gloves)
MR     +....                    (no boots)
Stlth  ..........               (no amulet)
                                z - ring of see invisible
                                u - ring of Henotheism {EV+1 Stlth+}

@: corroded
A: retaliatory headbutt, horns 2
a: Renounce Religion


You were on level 6 of the Dungeon.
You worshipped Makhleb.
Makhleb was noncommittal.
You were very hungry.

You visited 2 branches of the dungeon, and saw 7 of its levels.

You collected 335 gold pieces.
You spent 161 gold pieces at shops.

Inventory:

Hand Weapons
 a - a +1 war axe (weapon)
Armour
 b - a +0 scale mail
 c - a +0 shield (worn)
 h - a +1 plate armour (worn)
 x - the +2 ring mail of the Invisible Hand {Int+4, unknown}
   (You found it on level 4 of the Dungeon)

   It affects your intelligence (+4).
 E - a +0 robe
 G - a +2 cloak of magic resistance (worn)
Jewellery
 e - an uncursed ring of ice
 k - an uncursed amulet of harm
 m - a +4 ring of intelligence
 u - the ring of Henotheism (left hand) {EV+1 Stlth+}
   (You bought it in a shop on level 5 of the Dungeon)

   [ring of evasion]

   It affects your evasion (+1).
   It makes you more stealthy.
 z - a ring of see invisible (right hand)
Wands
 o - a wand of iceblast (11/15)
 w - a wand of flame (4/48)
 y - a wand of flame (24/48)
 D - a wand of digging (12/24)
 F - a wand of flame (27/48)
Scrolls
 g - 2 scrolls of teleportation
 l - a scroll of remove curse
 B - 2 scrolls of magic mapping {unknown}
 H - a scroll of fog {unknown}
 J - a scroll of silence {unknown}
Potions
 d - 3 potions of might
 i - 3 potions of mutation
 n - a potion of cure mutation
 p - 3 potions of flight
 q - 4 potions of brilliance {unknown}
 r - a potion of cancellation {unknown}
 s - 3 potions of curing {unknown}
 v - a potion of degeneration {unknown}
 C - a potion of agility {unknown}
Comestibles
 f - 3 bread rations
 j - a royal jelly
 t - 2 fruits
 A - 2 beef jerkies
 I - a meat ration


   Skills:
 + Level 7.9 Fighting
 * Level 9.7 Axes
 + Level 7.3 Armour
 - Level 3.6 Shields


You had 7 spell levels left.
You didn't know any spells.

Dungeon Overview and Level Annotations

Branches:
Dungeon (6/15)             Temple (1/1) D:5

Altars:
Ashenzari
Elyvilon
Fedhas
Hepliaklqana
Makhleb
Nemelex Xobeh
Sif Muna
Trog
Uskayaw
Vehumet
Xom
Zin
The Shining One

Shops:
D:5 *


Innate Abilities, Weirdness & Mutations

You reflexively headbutt those who attack you in melee.
You have a pair of horns on your head.


Message History

You are too injured to fight recklessly!
Unknown command.
You closely miss the orc priest. Your headbutt misses the orc priest.
The orc priest is almost dead.
You hit the orc wizard. You hit the orc. You hit the jelly but do no damage.
Your hands burn!
* * * LOW HITPOINT WARNING * * *
The orc priest calls down the wrath of Beogh upon you.
Beogh smites you!
* * * LOW HITPOINT WARNING * * *
You block the orc's attack. You block the jelly's attack.
The orc wizard hits you but does no damage.
Unknown command.
You closely miss the orc priest.
The orc priest is severely wounded.
You hit the jelly. The acid corrodes you!
Your hands burn!
* * * LOW HITPOINT WARNING * * *
You hit the orc but do no damage. You hit the orc wizard.
The orc priest hits you with a mace of protection.
You die...

#....###### .......
#.......... .......
###....#####.
....(.. #......# ##
.......#####.#....#
#
..........(...#####
# .......###..#...#
......Jo........#
......o@..........
.....#o............
......#.............
....................
..................
..................
...............##
.(.............#


You could see a jelly, an orc priest, an orc wizard (invisible) and an orc.

Vanquished Creatures
  Sigmund (D:2)
  Eustachio (D:4)
  The ghost of Gorfmaster the Chopper, an amateur DsFi (D:4)
  Menkaure (D:5)
  2 ogres
  A centaur (D:5)
  A bullfrog (D:6)
  A howler monkey (D:5)
  2 vampire bats (D:4)
  A crimson imp (D:6)
  3 orc priests (D:5)
  Crazy Yiuf (D:5)
  7 orc wizards
  A bullfrog skeleton (D:5)
  2 iguanas (D:5)
  6 worker ants
  A hound skeleton (D:6)
  7 adders
  An ooze (D:2)
  3 worms (D:3)
  2 dart slugs
  2 leopard geckos
  17 orcs
  2 ball pythons
  3 giant cockroaches
  6 goblins
  11 hobgoblins
  4 jackals (D:3)
  7 kobolds
  A quokka (D:4)
  11 bats
  8 frilled lizards
  A jackal skeleton (D:4)
  A quokka zombie (D:3)
  2 rats
122 creatures vanquished.

Notes
Turn   | Place    | Note
-------+----------+-------------------------------------------
     0 | D:1      | PurpleRed the Minotaur Fighter began the quest for the Orb.
     0 | D:1      | Reached XP level 1. HP: 19/19 MP: 0/0
   102 | D:1      | Reached XP level 2. HP: 21/27 MP: 1/1
   281 | D:1      | Reached skill level 3 in Axes
   399 | D:2      | Found a shattered altar of Ashenzari.
   401 | D:2      | Found a radiant altar of Vehumet.
   407 | D:2      | Found a deep blue altar of Sif Muna.
   408 | D:2      | Found a hazy altar of Hepliaklqana.
   408 | D:2      | Found a shimmering altar of Xom.
   411 | D:2      | Found a blossoming altar of Fedhas.
   455 | D:2      | Reached XP level 3. HP: 33/33 MP: 2/2
   570 | D:2      | Noticed Sigmund
   577 | D:2      | Killed Sigmund
   577 | D:2      | Reached skill level 5 in Fighting
   577 | D:2      | Reached skill level 5 in Axes
   577 | D:2      | Reached XP level 4. HP: 32/42 MP: 3/3
   577 | D:2      | Reached XP level 5. HP: 37/48 MP: 4/4
   908 | D:3      | Reached skill level 5 in Armour
   929 | D:3      | Reached XP level 6. HP: 46/56 MP: 5/5
  1599 | D:4      | Noticed Gorfmaster's ghost (amateur DsFi)
  1608 | D:4      | Killed Gorfmaster's ghost
  1608 | D:4      | Reached skill level 6 in Axes
  1762 | D:4      | Reached XP level 7. HP: 61/63 MP: 6/6
  2033 | D:4      | Got a smoking ring mail
  2199 | D:4      | Reached skill level 7 in Axes
  2327 | D:4      | Noticed Eustachio
  2352 | D:4      | Killed Eustachio
  2515 | D:5      | Entered Level 5 of the Dungeon
  2640 | D:5      | Reached skill level 8 in Axes
  2640 | D:5      | Reached XP level 8. HP: 45/73 MP: 7/7
  2754 | D:5      | Found a staircase to the Ecumenical Temple.
  2778 | Temple   | Entered the Ecumenical Temple
  2834 | Temple   | Became a worshipper of Makhleb the Destroyer
  2865 | D:5      | Found Zioth's Assorted Antiques.
  2888 | D:5      | Bought a sparkling brass ring for 115 gold pieces
  2888 | D:5      | Bought a scroll of identify for 46 gold pieces
  2890 | D:5      | Identified the ring of Henotheism {EV+1 Stlth+} (You bought it in a shop on level 5 of the Dungeon)
  2916 | D:5      | Found a white marble altar of Elyvilon.
  3199 | D:5      | Noticed Menkaure
  3206 | D:5      | Killed Menkaure
  3206 | D:5      | Reached skill level 9 in Axes
  3271 | D:5      | Found a runed door.
  3275 | D:5      | Noticed Crazy Yiuf
  3281 | D:5      | Killed Crazy Yiuf
  3603 | D:6      | Slain by an orc priest

Vault maps used:
D:1:      lightli_arrival_statuegarden
D:2:      minitemple, serial_forest, infiniplex_forest_zigzag_2,
          infiniplex_forest_clump_long, infiniplex_forest_clump_tiny,
          infiniplex_forest_clump_medium, infiniplex_forest_straight_4,
          infiniplex_forest_straight_1, grunt_decor_fettered, uniq_sigmund
D:3:      feat_on_display
D:4:      first_bread, minmay_guarded_unrand_vampires_tooth, uniq_eustachio
D:5:      kennysheep_little_box, serial_shops, shop_coins,
          minmay_misc_feat_enclosed, uniq_menkaure, uniq_crazy_yiuf_cottage
D:6:      portal_sewer_entry_d
Temple:   oiseaux_autumnal_temple

Skill      XL: |  1  2  3  4  5  6  7  8 |
---------------+-------------------------+-----
Axes           | 3 5 6 8 9 |  9.7
Armour         | 4 5 6 7 |  7.3
Fighting       | 4 5 6 7 |  7.9
Shields        | |  3.6

Action                   |  1- 3 |  4- 6 |  7- 9 || total
-------------------------+-------+-------+-------++-------
Melee: War axe           |     9 |    34 |   153 ||   196
       Hand axe          |    61 |    76 |       ||   137
       Headbutt          |     8 |    12 |    29 ||    49
  Use: Scroll            |       |     8 |     2 ||    10
  Eat: Chunk             |       |     3 |     5 ||     8
Armor: Scale mail        |     3 |       |       ||     3
       Plate armour      |    38 |    78 |   136 ||   252
Dodge: Dodged            |     3 |    15 |    29 ||    47
Block: Shield            |    26 |    61 |    82 ||   169
